Map: Abiogenesis LE

Players

Hugs - Winner!

  • Race: Terran Terran
  • League: Gold
  • Spawn Location: 5:00

A.I. 1 (Medium)

  • Race: Protoss Protoss
  • Spawn Location: 11:00

VOD

Have the link to the VOD?

Description

Time

  • Played on: April 30, 2018, 2:45 p.m.
  • Length: 19:52
Show
View Real Time Build Order
Export as new Build Order

Hugs Terran - Winner!

Build Orders: MMM Bio 

Get SALT Encoding   

  12  0:00  SCV  
  13  0:13  SCV  
  14  0:17  Supply Depot  
  14  0:25  SCV  
  15  0:39  Refinery  
  15  0:41  Barracks  
  15  0:45  SCV  
  16  0:57  SCV  
  17  1:07  Supply Depot  
  17  1:10  SCV  
  18  1:22  SCV  
  19  1:28  Reaper  
  20  1:34  SCV  
  21  1:40  Barracks  
  21  1:46  SCV, Refinery  
  22  1:58  SCV  
  22  1:59  Factory  
  23  2:10  SCV  
  24  2:17  Barracks Reactor  
  24  2:22  SCV  
  25  2:29  Marine  
  25  2:34  SCV  
  27  2:47  Marine  
  27  3:02  Starport  
  27  3:10  Barracks Tech Lab  
  27  3:17  Barracks  
  27  3:19  Factory Reactor  
  27  3:27  Command Center  
  27  3:36  Supply Depot  
  27  3:39  Starport Reactor  
  27  3:42  Combat Shields  
  27  3:45  Marine x2  
  27  3:46  Marine  
  30  3:59  Widow Mine  
  32  4:03  Marine  
  32  4:04  Widow Mine  
  35  4:14  SCV  
  37  4:17  Reaper x2  
  37  4:18  Reaper  
  39  4:38  Medivac  
  39  4:45  Supply Depot  
  41  4:49  Supply Depot  
  41  4:59  SCV  
  42  5:02  Stimpack  
  42  5:08  Widow Mine x2  
  42  5:09  Medivac  
  42  5:11  SCV  
  42  5:12  SCV  
  50  5:23  SCV  
  50  5:25  SCV  
  52  5:35  SCV  
  52  5:37  SCV  
  54  5:47  Marine x2, SCV  
  54  5:48  Marine x2  
  54  5:49  Supply Depot, SCV  
  62  5:50  Widow Mine  
  62  5:52  Medivac  
  64  6:00  SCV  
  65  6:05  Marine x2  
  65  6:31  Marine x2  
  65  6:32  Marine x2  
  69  6:36  Medivac x2  
  69  6:37  Widow Mine x2  
  74  6:49  Marine x3  
  74  6:50  Marine  
  74  6:51  Supply Depot  
  74  6:52  Supply Depot  
  74  6:53  Supply Depot  
  76  6:58  Widow Mine  
  78  7:07  Marine x2, Widow Mine  
  78  7:08  Marine  
  75  7:20  Widow Mine  
  81  7:44  Widow Mine x2  
  81  7:45  Supply Depot  
  81  7:47  Medivac, Supply Depot x2  
  81  7:48  Medivac  
  81  7:49  Marine x4, Supply Depot x2  
  93  8:05  Widow Mine  
  93  8:06  Marine, Widow Mine  
  93  8:07  Marine  
  95  8:18  SCV  
  94  8:24  Refinery  
  94  8:25  Refinery  
  92  8:27  Widow Mine x2  
  92  8:33  SCV  
  93  8:37  Marine x4  
  97  8:48  Widow Mine x2, Orbital Command  
  101  8:55  Marine x4  
  105  9:09  Widow Mine  
  109  9:10  Widow Mine  
  109  9:12  Marine  
  109  9:13  Marine x3  
  113  9:30  Marine  
  113  9:31  Marine x3, Engineering Bay  
  117  9:48  Marine  
  117  9:49  Marine x3  
  121  9:58  Engineering Bay  
  121  9:59  Terran Infantry Weapons Level 1  
  121  10:06  Marine x4  
  124  10:08  Medivac  
  124  10:09  Widow Mine x2  
  131  10:21  Supply Depot  
  131  10:22  Supply Depot  
  131  10:24  Marine x4  
  131  10:25  Terran Infantry Armor Level 1  
  135  10:30  Widow Mine  
  135  10:31  Widow Mine  
  139  10:42  Marine x4  
  143  10:52  Widow Mine x2  
  143  10:56  Medivac  
  149  10:59  Marine  
  149  11:00  Marine x3  
  153  11:13  Widow Mine x2  
  153  11:17  Marine  
  158  11:23  Marine x2, Supply Depot  
  158  11:24  Supply Depot  
  158  11:26  Supply Depot x2  
  158  11:29  Marine  
  157  11:35  Marine  
  158  11:45  Marine x2  
  160  11:47  Marine  
  160  11:53  Marine  
  162  11:54  Supply Depot  
  162  11:56  Supply Depot  
  162  12:02  Marine x2  
  162  12:04  Marine  
  155  12:36  Armory  
  155  12:38  Marine  
  155  12:39  Marine x3  
  155  12:40  Widow Mine  
  155  12:41  Widow Mine  
  155  12:42  Medivac x2  
  167  12:56  Marine x4  
  171  13:02  Widow Mine x2  
  175  13:14  Marine x4  
  179  13:31  Marine, Terran Infantry Armor Level 2, Terran Infantry Weapons Level 2  
  179  13:32  Marine x3  
  183  13:38  Widow Mine x2  
  187  13:46  Orbital Command  
  187  13:49  Marine  
  187  13:50  Marine x3  
  191  13:59  Widow Mine  
  191  14:00  Widow Mine  
  195  14:07  Marine  
  195  14:08  Marine x3  
  199  14:13  Sensor Tower  
  199  14:25  Marine  
  200  14:36  Sensor Tower  
  200  14:39  Terran Vehicle And Ship Armor Level 1  
  200  14:58  Sensor Tower  
  193  15:46  Marine  
  193  15:47  Marine x3  
  193  15:49  Terran Infantry Armor Level 3, Terran Infantry Weapons Level 3  
  197  16:04  Marine  
  197  16:05  Marine x2  
  163  18:11  Marine  
  163  18:12  Marine x3  
  163  18:29  Marine  
  163  18:30  Marine x3  
  167  18:47  Marine x4  
  171  19:05  Marine x4  
  175  19:23  Marine x2  
Show
View Real Time Build Order
Export as new Build Order

A.I. 1 (Medium) Protoss 

Build Orders:  

Get SALT Encoding   

  12  0:00  Probe  
  13  0:13  Probe  
  14  0:19  Pylon  
  14  0:25  Probe  
  15  0:33  Probe  
  15  0:39  Gateway  
  15  0:42  Probe  
  16  0:48  Assimilator  
  17  0:51  Probe  
  18  1:00  Pylon  
  18  1:27  Cybernetics Core  
  18  1:30  Gateway  
  18  1:34  Assimilator  
  18  1:39  Zealot  
  20  1:58  Zealot  
  20  2:04  Warp Gate  
  22  2:11  Pylon  
  22  2:20  Stalker  
  24  2:39  Stalker  
  26  2:50  Stalker  
  28  3:07  Pylon  
  28  3:10  Probe  
  29  3:16  Stalker  
  31  3:22  Probe  
  32  3:34  Probe, Forge  
  32  3:35  Stalker  
  35  3:46  Probe  
  36  3:50  Adept  
  38  3:58  Probe  
  39  4:11  Probe  
  40  5:24  Probe  
  40  5:32  Probe  
  40  6:16  Probe  
  40  6:24  Probe  
  40  6:25  Stalker  
  41  6:27  Robotics Facility  
  41  6:32  Pylon  
  42  6:33  Photon Cannon  
  42  6:36  Photon Cannon  
  42  6:37  Stargate  
  42  6:38  Sentry  
  42  6:39  Twilight Council  
  43  6:42  Gateway  
  43  6:45  Forge  
  43  6:50  Probe  
  43  6:52  Adept  
  43  6:53  Pylon  
  46  7:02  Probe, Nexus  
  46  7:10  Probe  
  45  7:15  Observer  
  45  7:18  Probe  
  46  7:28  Probe  
  48  7:37  Observer  
  48  7:40  Probe  
  49  8:12  Probe  
  49  8:14  Adept  
  49  8:18  Probe  
  51  8:20  Probe  
  51  8:25  Assimilator  
  51  8:26  Pylon  
  44  8:27  Zealot  
  44  8:28  Pylon  
  44  8:29  Probe  
  44  8:30  Probe  
  40  8:41  Probe, Zealot  
  40  8:43  Probe  
  44  8:53  Probe  
  44  8:54  Photon Cannon  
  44  8:55  Adept, Probe  
  48  9:05  Probe  
  48  9:06  Probe  
  48  9:07  Photon Cannon  
  48  9:08  Stalker  
  52  9:14  Probe x2  
  52  9:22  Probe, Stalker  
  52  9:23  Probe  
  58  9:32  Probe  
  58  9:35  Probe  
  58  9:36  Stalker  
  62  9:44  Probe  
  63  9:49  Stalker  
  65  10:03  Stalker  
  67  10:39  Assimilator  
  67  10:47  Protoss Air Weapons Level 1  
  67  11:01  Probe  
  67  11:04  Probe, Warp Prism, Void Ray  
  69  11:06  Robotics Facility  
  69  11:08  Stargate  
  69  11:10  Pylon  
  75  11:15  Robotics Bay  
  59  11:28  Fleet Beacon  
  53  11:40  Observer  
  53  11:44  Templar Archives  
  54  11:47  Void Ray  
  54  11:51  Warp Prism  
  60  11:54  Nexus  
  60  12:00  Void Ray  
  64  12:03  Gravitic Drive  
  64  12:05  Stargate  
  64  12:10  Dark Shrine  
  64  12:19  Carrier  
  62  12:30  Protoss Air Armor Level 1  
  68  12:43  Phoenix  
  70  12:54  Stargate  
  70  13:00  Observer Gravitic Boosters  
  70  13:01  Carrier  
  76  13:06  Probe  
  76  13:09  Probe  
  76  13:12  Probe  
  79  13:14  Assimilator  
  79  13:18  Probe, Pylon  
  79  13:19  Probe  
  80  13:24  Probe  
  82  13:28  Pylon  
  82  13:29  Probe, Assimilator  
  82  13:31  Probe  
  84  13:36  Probe  
  84  13:39  Probe  
  85  13:43  Probe  
  87  13:50  Photon Cannon  
  87  14:54  Protoss Ground Armor Level 1  
  87  15:09  Stalker  
  87  15:11  Protoss Ground Weapons Level 1  
  89  15:15  Gateway  
  89  15:16  Stalker  
  89  15:17  Pylon  
  91  15:22  Zealot  
  93  15:29  Stalker  
  69  15:35  Stalker  
  69  15:41  Colossus  
  69  15:42  Stalker  
  73  15:43  Protoss Air Weapons Level 2  
  79  15:55  Tempest  
  85  16:02  Sentry  
  87  16:08  Zealot  
  89  16:15  Stalker  
  85  16:21  Sentry  
  77  16:28  Stalker  
  75  16:35  Stalker  
  73  16:41  Probe, Zealot  
  55  16:47  Zealot  
  55  16:54  Probe, Sentry  
  46  17:00  Stalker  
  50  17:06  Probe  
  50  17:07  Stalker, Nexus  
  53  17:14  Sentry  
  54  17:18  Probe  
  54  17:20  Adept  
  53  17:26  Nexus  
  53  17:27  Void Ray  
  57  17:30  Probe  
  57  17:35  Stalker  
  58  17:37  Pylon  
  58  17:42  Probe  
  58  17:43  Assimilator  
  35  17:48  Assimilator  
  35  17:49  Zealot  
  25  18:03  Stalker  
  19  18:11  Zealot  
  16  18:32  Pylon  
  15  18:37  Zealot  
  15  18:39  Probe  
  9  18:51  Probe  
  6  19:07  Forge  
  6  19:08  Gateway  
Tags
 
Composition
MMM Bio
League
Gold
Matchup
PvT
Spawn Locations
Cross Positions
Add a new tag
Caveats
  • Supply blocks, unpowered buildings, or Contaminate may cause inaccurate times.
  • Supply counts are checked every 10 seconds.